 Dungeon Crawl Stone Soup version 0.32-a0-314-g526f7d4993 (webtiles) character file.

Game seed: 12441396677693123847

3738 Newt the Fighter (level 9, -5/75 HPs)
             Began as a Demonspawn Gladiator on Feb 15, 2024.
             Was an Initiate of Gozag.
             Slain by a gargoyle
             ... wielding a +1 morningstar of protection
              (18 damage)
             ... on level 7 of the Dungeon.
             The game lasted 00:07:34 (6337 turns).

Newt the Fighter (Demonspawn Gladiator)             Turns: 6337, Time: 00:07:34

Health: -5/75      AC: 14    Str: 16    XL:     9   Next: 93%
Magic:  9/9        EV: 12    Int: 11    God:    Gozag
Gold:   641        SH:  0    Dex: 22    Spells: 8/8 levels left

rFire   . . .        E - +2 flail (holy)
rCold   . . .        (no shield)
rNeg    . . .        F - +5 ring mail of the Seven Spirits {Harm rElec Will+ Int+3 Dex-2}
rPois   +            c - +0 helmet
rElec   +            J - +0 cloak
rCorr   .            (no gloves)
SInv    .            z - +0 pair of boots
Will    +....        (no amulet)
Stlth   +            m - ring of poison resistance
HPRegen 0.32/turn    G - +6 ring of dexterity
MPRegen 0.11/turn

%: harm (+30% outgoing, +20% incoming)
@: mighty
A: hooves 2, demonic guardian 2, spiny 2
a: Renounce Religion, Potion Petition, Call Merchant, Bribe Branch


You were on level 7 of the Dungeon.
You worshipped Gozag.
Gozag was pleased with you.
You visited 2 branches of the dungeon, and saw 8 of its levels.

You collected 709 gold pieces.
You paid 68 gold pieces to Gozag.

Inventory:

Hand Weapons
 a - a +0 rapier
 E - a +2 flail of holy wrath (weapon)
Missiles
 e - a javelin
 y - 7 boomerangs
 B - 6 poisoned darts (quivered)
Armour
 b - a +0 leather armour
 c - a +0 helmet (worn)
 h - a scarf of resistance
 s - the +2 ring mail "Vakk" {rCorr}
   (You found it on level 2 of the Dungeon)

   rCorr:     It protects you from acid and corrosion.
 z - a +0 pair of boots (worn)
 F - the +5 ring mail of the Seven Spirits (worn) {Harm rElec Will+ Int+3 Dex-2}
   (You found it on level 5 of the Dungeon)

   Int+3:     It affects your intelligence (+3).
   Dex-2:     It affects your dexterity (-2).
   rElec:     It insulates you from electricity.
   Will+:     It increases your willpower.
   Harm:      It increases damage dealt and taken.
 J - a +0 cloak (worn)
Jewellery
 m - a ring of poison resistance (left hand)
 D - an amulet of faith
 G - a +6 ring of dexterity (right hand)
 H - a ring of willpower
Wands
 I - a wand of roots (9)
Scrolls
 f - 3 scrolls of blinking
 g - 2 scrolls of torment
 i - 5 scrolls of teleportation
 k - a scroll of fear
 n - 4 scrolls of silence
 q - a scroll of fog
 r - a scroll of amnesia
 u - a scroll of poison
 C - 2 scrolls of noise
 K - a scroll of enchant weapon {unknown}
Potions
 j - a potion of heal wounds {unknown}
 l - a potion of curing
 o - 2 potions of attraction
 p - 2 potions of cancellation {unknown}
 t - a potion of might
 v - a potion of haste {unknown}
 w - a potion of enlightenment {unknown}
 x - a potion of mutation {unknown}
 A - 2 potions of brilliance {unknown}


   Skills:
 + Level 8.6 Fighting
 - Level 4.1 Short Blades
 * Level 5.5 Maces & Flails
 - Level 7.4 Throwing
 - Level 4.0 Armour
 - Level 2.6 Dodging


You had 8 spell levels left.
You didn't know any spells.
Your spell library contained the following spells:

 Spells                   Type           Power      Damage    Failure   Level
 Call Imp                 Summ           0%         N/A       67%         2
 Sublimation of Blood     Necr           0%         N/A       67%         2
 Summon Hydra             Summ           0%         N/A       100%        7


Dungeon Overview and Level Annotations

Branches:
Dungeon (7/15)             Temple (1/1) D:5

Altars:
Ashenzari
Cheibriados
Dithmenos
Fedhas
Gozag
Hepliaklqana
Kikubaaqudgha
Nemelex Xobeh
Qazlal
Ru
Vehumet
Wu Jian
Xom
Yredelemnul

Shops:
D:6 :


Innate Abilities, Weirdness & Mutations

You have hoof-like feet.
A demonic guardian rushes to your aid.
You are mostly covered in sharp spines.


Message History

The gargoyle is almost destroyed.
Your orange demon stings the gargoyle but does no damage.
Your orange demon barely misses the gargoyle.
The gargoyle hurls a stone arrow at you.
The stone arrow hits you!!
* * * LOW HITPOINT WARNING * * *
Unknown command.
You feel better.
Your orange demon stings the gargoyle but does no damage.
Your orange demon barely misses the gargoyle.
The basilisk hisses menacingly.
The gargoyle hits your orange demon with a +1 morningstar of protection!!
Unknown command.
You barely miss the gargoyle.
The gargoyle is almost destroyed.
Your orange demon stings the gargoyle but does no damage.
Your orange demon hits the gargoyle but does no damage.
The gargoyle hurls a stone arrow at your orange demon.
The stone arrow hits your orange demon!!
Unknown command.
You hit the gargoyle but do no damage.
The gargoyle is almost destroyed.
Your orange demon stings the gargoyle but does no damage.
Your orange demon barely misses the gargoyle.
The gargoyle hurls a stone arrow at you.
The stone arrow hits you but does no damage.
Your orange demon stings the gargoyle but does no damage.
Your orange demon hits the gargoyle but does no damage.
You hit the gargoyle but do no damage.
The gargoyle is almost destroyed.
The gargoyle barely misses you.
Your orange demon stings the gargoyle but does no damage.
Your orange demon hits the gargoyle but does no damage.
Unknown command.
Unknown command.
You hit the gargoyle but do no damage.
The gargoyle is almost destroyed.
The gargoyle hits you with a +1 morningstar of protection!
You die...
Your body crumbles into a pile of gold.

..#.........#.........+........
..........#.#######...###......
...............................
....###.#####################.#
..< ♣♣.♣♣#...#### #.... .
#♣...♣#.♣o'ol# #.♣.♣
#.....#.♣l#..[+ #.♣.♣
#♣...♣#.♣9###### #.♣♣♣
♣♣.♣♣#.4.@....# #.♣ ♣
##♣.♣#########.# ##♣ ♣
#.....#♣♣♣♣♣♣♣.♣
#.♣♣♣.#♣.......♣ #.
♣.#♣.♣♣♣♣♣♣♣ # ♣)#♣.♣ # ♣)#♣.♣
#.♣♣♣)#♣.♣ #.....♣♣.♣


You could see a basilisk, a gargoyle (ally target), an orc and a friendly orange
demon (summoned).

Vanquished Creatures
  A centaur warrior (D:7)
  Prince Ribbit (D:6)
  Eustachio (D:6)
  2 steam dragons
  Duvessa (D:6)
  An ice beast (D:7)
  2 black bears
  A sky beast (D:7)
  4 ogres
  A phantom (D:7)
  5 bullfrogs
  3 scorpions
  A gnoll sergeant (D:5)
  3 jellies
  Dowan (D:6)
  2 bombardier beetles
  3 iguanas
  6 orc wizards
  7 gnolls
  7 adders
  2 shadow imps (D:6)
  2 white imps
  2 ufetubi (D:6)
  5 dart slugs
  A ribbon worm (D:3)
  21 orcs
  3 endoplasms
  13 goblins
  4 hobgoblins
  4 jackals (D:4)
  4 quokkas
  7 ball pythons
  6 bats
  2 frilled lizards
  6 kobolds
  6 rats
141 creatures vanquished.

Vanquished Creatures (collateral kills)
  Grinder (D:5)
  A kobold brigand (D:4)
  An iguana (D:5)
  Robin (D:2)
4 creatures vanquished.

Vanquished Creatures (others)
  An orc wizard (D:7)
1 creature vanquished.

Grand Total: 146 creatures vanquished

Notes
Turn   | Place    | Note
-------+----------+-------------------------------------------
     0 | D:1      | Newt the Demonspawn Gladiator began the quest for the Orb.
     0 | D:1      | Reached XP level 1. HP: 16/16 MP: 1/1
   113 | D:1      | Gained mutation: A weak demonic guardian rushes to your
                  | aid. [demonic ancestry]
   113 | D:1      | Reached XP level 2. HP: 22/22 MP: 2/2
   304 | D:1      | Found a faded altar of an unknown god.
   461 | D:1      | Gained mutation: You are partially covered in sharp spines.
                  | [demonic ancestry]
   461 | D:1      | Reached XP level 3. HP: 22/28 MP: 3/3
  1152 | D:2      | Noticed Robin
  1164 | D:2      | Killed Robin
  1166 | D:2      | Reached skill level 3 in Fighting
  1166 | D:2      | Gained mutation: A demonic guardian rushes to your aid.
                  | [demonic ancestry]
  1166 | D:2      | Reached XP level 4. HP: 13/35 MP: 4/4
  1359 | D:2      | Identified the +2 ring mail "Vakk" {rCorr}
  1740 | D:3      | Reached skill level 1 in Armour
  1754 | D:3      | Reached XP level 5. HP: 20/41 MP: 5/5
  2171 | D:3      | Found a broken altar of Ashenzari.
  2309 | D:4      | Noticed an ogre
  2319 | D:4      | Killed an ogre
  2320 | D:4      | Reached skill level 4 in Fighting
  2320 | D:4      | Gained mutation: You have large cloven feet. [demonic
                  | ancestry]
  2320 | D:4      | Reached XP level 6. HP: 36/48 MP: 6/6
  3297 | D:5      | Entered Level 5 of the Dungeon
  3318 | D:5      | Noticed Grinder
  3319 | D:5      | Gained mutation: You have hoof-like feet. [demonic
                  | ancestry]
  3319 | D:5      | Reached XP level 7. HP: 3/55 MP: 7/7
  3608 | D:5      | Killed Grinder
  3609 | D:5      | Reached skill level 5 in Fighting
  3965 | D:5      | Gained mutation: You are mostly covered in sharp spines.
                  | [demonic ancestry]
  3965 | D:5      | Reached XP level 8. HP: 62/64 MP: 8/8
  3994 | D:5      | Reached skill level 5 in Throwing
  4000 | D:5      | Identified the +5 ring mail of the Seven Spirits {Harm
                  | rElec Will+ Int+3 Dex-2}
  4038 | D:5      | Reached skill level 6 in Fighting
  4189 | D:5      | Found a staircase to the Ecumenical Temple.
  4218 | Temple   | Entered the Ecumenical Temple
  4223 | Temple   | Became a worshipper of Gozag Ym Sagoz the Greedy
  4638 | D:6      | Found a hazy altar of Hepliaklqana.
  4638 | D:6      | Found an ancient bone altar of Kikubaaqudgha.
  4814 | D:6      | Found Xeskasisi's Book Emporium.
  4815 | D:6      | Noticed Dowan
  4816 | D:6      | Noticed Duvessa
  4825 | D:6      | Killed Dowan
  4832 | D:6      | HP: 2/65 [Duvessa/+3 short sword of flaming (22)]
  4832 | D:6      | Killed Duvessa
  5172 | D:6      | Noticed Prince Ribbit
  5185 | D:6      | Killed Prince Ribbit
  5186 | D:6      | Reached skill level 7 in Fighting
  5186 | D:6      | Reached XP level 9. HP: 47/72 MP: 9/9
  5186 | D:6      | Noticed Eustachio
  5199 | D:6      | Killed Eustachio
  5463 | D:6      | Found a shadowy altar of Dithmenos.
  5528 | D:6      | Found a radiant altar of Vehumet.
  5679 | D:6      | Reached skill level 1 in Maces & Flails
  6260 | D:7      | Reached skill level 8 in Fighting
  6313 | D:7      | Noticed a centaur warrior
  6313 | D:7      | Noticed a gargoyle
  6325 | D:7      | Killed a centaur warrior
  6326 | D:7      | Reached skill level 5 in Maces & Flails
  6332 | D:7      | HP: 2/75 [gargoyle/stone arrow (25)]
  6337 | D:7      | Slain by a gargoyle

Illustrated notes

Levels and vault maps discovered:
D:1:      lightli_arrival_farm, layout_loops_ring,
          chequers_ecumenical_altar_simple
D:2:      layout_loops_ring, uniq_robin
D:3:      layout_basic, mainiacjoe_overflow_alcove_1
D:4:      layout_gridville
D:5:      layout_rooms, temple_statues, uniq_grinder
D:6:      layout_basic, fiery_altar_vehumet, lemuel_tele_altar,
          mainiacjoe_overflow_divided_tiny, serial_shops,
          nicolae_shop_gibbet_a_chance, corexii_item_surrounded_by_moat,
          amcnicky_mini_rare_corridor_liquid, uniq_prince_ribbit1, uniq_duvessa,
          uniq_eustachio
D:7:      nzn_winding_woodlands_large [nzn_winding_woodlands_5x5_checkerboard,
          nzn_winding_woodlands_5x15_default, nzn_winding_woodlands_5x5_three,
          nzn_winding_woodlands_center_pierced_h,
          nzn_winding_woodlands_15x15_boxy_spiral,
          nzn_winding_woodlands_center_lodge, nzn_winding_woodlands_5x5_default,
          nzn_winding_woodlands_5x15_concentric,
          nzn_winding_woodlands_5x5_default], layout_basic,
          mainiacjoe_overflow_brackets
Temple:   minmay_freezing_vapour_temple

Skill      XL: |  1  2  3  4  5  6  7  8  9 |
---------------+----------------------------+-----
Short Blades   | 3 4 |  4.1
Fighting       | 3 4 5 7 8 |  8.6
Armour         | 1 3 4 |  4.0
Throwing       | 2 4 7 |  7.4
Maces & Flails | 5 |  5.5
Dodging        | |  2.6

Action                     |  1- 3 |  4- 6 |  7- 9 || total
---------------------------+-------+-------+-------++-------
  Melee: Rapier            |    66 |   150 |    26 ||   242
         Kick              |       |    13 |       ||    13
         Flail             |       |       |   135 ||   135
  Throw: Throwing net      |     1 |     2 |     2 ||     5
         Javelin           |       |     1 |       ||     1
         Dart              |       |     5 |     7 ||    12
    Use: Scroll            |       |     7 |     2 ||     9
         Potion            |       |       |     5 ||     5
   Stab: Sleeping          |     2 |       |       ||     2
         Held in net/web   |     1 |       |     4 ||     5
         Distracted        |       |     1 |     1 ||     2
 Armour: Leather armour    |    43 |       |       ||    43
         Ring mail         |       |    86 |   155 ||   241
  Dodge: Dodged            |    35 |    89 |    87 ||   211

Table legend: (Time is in decaauts)
 A = Elapsed time spent in this place.
 B = Non-inter-level travel time spent in this place.
 C = Inter-level travel time spent in this place.
 D = Time resting spent in this place.
 E = Time spent auto-exploring this place.
 F = Levels seen in this place.
 G = Mean time per level.
                   A        B        C        D        E       F      G
               +--------+--------+--------+--------+--------+-----+--------+
         Total |   6394 |   6190 |    204 |   1462 |   3713 |   8 |  799.2 |
       Dungeon |   6384 |   6189 |    195 |   1462 |   3713 |   7 |  912.0 |
        Temple |     10 |      1 |      9 |      0 |      0 |   1 |   10.0 |
               +--------+--------+--------+--------+--------+-----+--------+

Top non-repeatable levels by time:
     D:6: 1706 daAuts
     D:4: 1322 daAuts
     D:5: 850 daAuts
     D:1: 778 daAuts
     D:3: 751 daAuts
     D:2: 737 daAuts
     D:7: 238 daAuts
  Temple: 10 daAuts
